 Dungeon Crawl Stone Soup version 0.23.2 (webtiles) character file.

Game seed: 15987697901195938561

31 Borgoz the Sneak (level 3, 0/30 HPs)
             Began as a Ghoul Assassin on Apr 4, 2019.
             Slain by a kobold
             ... wielding a +0 short sword
              (2 damage)
             ... on level 1 of the Dungeon.
             The game lasted 00:00:43 (369 turns).

Borgoz the Sneak (Ghoul Assassin)                    Turns: 369, Time: 00:00:44

Health: 0/30       AC:  3    Str: 14    XL:     3   Next: 22%
Magic:  2/2        EV: 12    Int:  6    God:
Gold:   8          SH:  0    Dex: 11    Spells: 2/2 levels left

rFire    . . .     SeeInvis .   a - +2 dagger
rCold    + . .     Gourm    .   (no shield)
rNeg     + + +     Faith    .   c - +0 robe
rPois    ∞         Spirit   .   (no helmet)
rElec    .         Reflect  .   d - +0 cloak
rCorr    .         Harm     .   (no gloves)
MR       .....                  (no boots)
Stlth    +++.......             (no amulet)
HPRegen  0.00/turn              (no ring)
MPRegen  0.08/turn              (no ring)

@: rotting
A: rotting body, claws 1, carnivore, cold resistance 1, negative energy
resistance 3, inhibited regeneration, torment resistance, unbreathing
a: no special abilities


You were on level 1 of the Dungeon.
You were not hungry.

You visited 1 branch of the dungeon, and saw 1 of its levels.

You collected 8 gold pieces.

Inventory:

Hand Weapons
 a - a +2 dagger (weapon)
 b - a +0 blowgun
Missiles
 e - 20 poisoned needles
 f - 2 curare-tipped needles
Armour
 c - a +0 robe (worn)
 d - a +0 cloak (worn)
Scrolls
 h - 2 scrolls of blinking {unknown}
 j - a scroll of fog {unknown}
Comestibles
 g - 3 rations
 i - 3 chunks of flesh


   Skills:
 + Level 2.5 Fighting
 * Level 2.2 Short Blades
 - Level 1.7 Throwing
 * Level 1.0 Armour
 * Level 1.4 Dodging
 + Level 4.5 Stealth


You had 2 spell levels left.
You didn't know any spells.
Your spell library was empty.

Dungeon Overview and Level Annotations

Branches:
Dungeon (1/15)

Altars:


Innate Abilities, Weirdness & Mutations

Your body is rotting away.
You thrive on raw meat.
You are immune to poison.
You have sharp fingernails.
You are carnivorous and can eat meat at any time.
Your flesh is cold resistant. (rC+)
You are immune to negative energy. (rN+++)
You do not regenerate when monsters are visible.
You are immune to unholy pain and torment.
You can survive without breathing.


Message History

You hit the hobgoblin.
You kill the hobgoblin!
The rat barely misses you.
You see here a +0 club.
You barely miss the rat. The rat bites you.
You hit the rat.
You kill the rat!
You closely miss the kobold.
The kobold hits you with a +0 short sword.
* * * LOW HITPOINT WARNING * * *
You closely miss the kobold. The kobold closely misses you.
You hit the kobold but do no damage.
The kobold hits you with a +0 short sword!
* * * LOW HITPOINT WARNING * * *
You hit the kobold but do no damage. The kobold closely misses you.
You miss the kobold. The kobold misses you.
You hit the kobold.
The kobold is severely wounded.
The kobold hits you with a +0 short sword.
You die...

.#†####
#.###########.#
.#....#####.#
..#......#
.#..........#
#.#.######
.#.......###
#.#.#
.#.....†.#
#.#.#
.#.......#
#.#.#
.#.##......#
#.#.#
.#.#########
#.#.# .#.#
#@#.### [#.#
#K#...# ...#
######.###.#
#..#
#..........#
#.....######
..#.....#####
.....$......#
............#
............#


You could see a kobold.

Vanquished Creatures
  2 oozes (D:1)
  3 dart slugs (D:1)
  A leopard gecko (D:1)
  2 bats (D:1)
  A hobgoblin (D:1)
  2 ball pythons (D:1)
  A frilled lizard (D:1)
  A goblin (D:1)
  A kobold (D:1)
  4 rats (D:1)
18 creatures vanquished.

Notes
Turn   | Place    | Note
-------+----------+-------------------------------------------
     0 | D:1      | Borgoz the Ghoul Assassin began the quest for the Orb.
     0 | D:1      | Reached XP level 1. HP: 17/17 MP: 0/0
    37 | D:1      | Reached skill level 1 in Dodging
    82 | D:1      | Reached XP level 2. HP: 24/24 MP: 1/1
   285 | D:1      | Reached skill level 1 in Armour
   288 | D:1      | Reached XP level 3. HP: 20/30 MP: 2/2
   369 | D:1      | Slain by a kobold

Skill      XL: |  1  2 |
---------------+-------+-----
Dodging        | 1 |  1.4
Short Blades   | 2 |  2.2
Armour         | 1 |  1.0
Fighting       | |  2.5
Throwing       | |  1.7
Stealth        | |  4.5

Action                   || total
-------------------------++-------
Melee: Dagger            ||    46
 Stab: Sleeping          ||     4
  Eat: Chunk             ||     1
Armor: Robe              ||    10
Dodge: Dodged            ||    18
